General information
- name: BNet
- type: Ladder 1vs1/FFA
- host: Battle.net
- saver: 7.16
map: TwistedMeadows
- players: 2
- length: 34:39
- speed: Fast
- version: 1.24 W3XP
- replay type: Public
» download(111 KB)
Players
team 1 (winner)
7.16 (
pink | 70 APM | 2436 actions | 34:39)
5 Blademaster
2 Wind Walk
3 Critical Strike
4 Shadow Hunter
2 Hex
2 Healing Wave
1 Far Seer
1 Far Sight
» actions
| Assign group hotkey | 68 | |
| Basic commands | 102 | |
| Build / train | 113 | |
| ESC pressed | 4 | |
| Enter build submenu | 37 | |
| Enter hero's abilities submenu | 10 | |
| Give item / drop item | 19 | |
| Right click | 1028 | |
| Select / deselect | 519 | |
| Select group hotkey | 250 | |
| Use ability | 285 | |
2436 total
» units
| Peon | 15 | |
| Raider | 5 | |
| Spirit Walker | 2 | |
| Troll Witch Doctor | 2 | |
| Troll Batrider | 12 | |
| Kodo Beast | 1 | |
| Goblin Zeppelin | 1 | |
| Goblin Shredder | 1 | |
| Tauren | 2 | |
| Shaman | 2 | |
43 total
» upgrades
| Armor | 3 | |
| Ensnare | 1 | |
| Spirit Walker Training | 2 | |
| Witch Doctor Training | 2 | |
| Ranged Weapons | 1 | |
| Liquid Fire | 1 | |
| Reinforced Defenses | 1 | |
| Shaman Training | 2 | |
| Pulverize | 1 | |
| Melee Weapons | 1 | |
15 total
» buildings
| Altar of Storms | 1 | |
| Orc Burrow | 8 | |
| Voodoo Lounge | 3 | |
| War Mill | 1 | |
| Watch Tower | 27 | |
| Stronghold | 2 | |
| Beastiary | 3 | |
| Spirit Lodge | 1 | |
| Great Hall | 3 | |
| Fortress | 1 | |
| Tauren Totem | 1 | |
51 total
» build order
00:06 Altar of Storms
00:18 Orc Burrow
00:44 Voodoo Lounge
01:26 War Mill
02:10 Orc Burrow
02:46 Watch Tower
02:58 Watch Tower
03:11 Watch Tower
03:53 Watch Tower
04:23 Stronghold
04:24 Stronghold
05:06 Watch Tower
05:06 Watch Tower
05:27 Orc Burrow
06:47 Beastiary
06:54 Spirit Lodge
09:56 Orc Burrow
10:57 Great Hall
11:01 Watch Tower
11:02 Watch Tower
11:02 Watch Tower
11:03 Watch Tower
11:04 Watch Tower
11:04 Watch Tower
12:06 Voodoo Lounge
12:09 Orc Burrow
15:15 Fortress
16:17 Beastiary
16:21 Beastiary
18:36 Orc Burrow
19:11 Orc Burrow
19:17 Tauren Totem
23:00 Great Hall
23:03 Watch Tower
23:03 Watch Tower
23:04 Watch Tower
23:05 Watch Tower
23:06 Watch Tower
23:07 Watch Tower
23:08 Voodoo Lounge
23:10 Orc Burrow
24:33 Watch Tower
25:12 Watch Tower
25:13 Watch Tower
33:32 Great Hall
33:33 Watch Tower
33:33 Watch Tower
33:34 Watch Tower
33:35 Watch Tower
33:35 Watch Tower
33:36 Watch Tower
» items
| Healing Salve | 9 | |
| Lesser Clarity Potion | 17 | |
| Scroll of Speed | 2 | |
| Boots of Speed | 1 | |
| Staff of Teleportation | 1 | |
| Potion of Healing | 3 | |
| Potion of Lesser Invulnerability | 1 | |
| Scroll of Town Portal | 1 | |
| Potion of Mana | 2 | |
| Orb of Lightning | 1 | |
38 total
team 2 (loser)

»
jodaji (
yellow | 74 APM | 2567 actions | 34:38)
5 Blademaster
3 Wind Walk
2 Critical Strike
4 Shadow Hunter
2 Hex
2 Healing Wave
» actions
| Assign group hotkey | 39 | |
| Basic commands | 160 | |
| Build / train | 82 | |
| Enter build submenu | 24 | |
| Enter hero's abilities submenu | 10 | |
| Give item / drop item | 3 | |
| Right click | 1177 | |
| Select / deselect | 552 | |
| Select group hotkey | 451 | |
| Use ability | 67 | |
2567 total
» units
| Peon | 23 | |
| Grunt | 4 | |
| Wind Rider | 10 | |
| Raider | 3 | |
| Shaman | 4 | |
| Troll Witch Doctor | 1 | |
45 total
» upgrades
| Ensnare | 1 | |
| Berserker Strength | 1 | |
| Ranged Weapons | 3 | |
| Shaman Training | 2 | |
| Witch Doctor Training | 3 | |
| Envenomed Spears | 1 | |
| Reinforced Defenses | 1 | |
12 total
» buildings
| Barracks | 1 | |
| Altar of Storms | 1 | |
| Orc Burrow | 6 | |
| Voodoo Lounge | 2 | |
| Stronghold | 1 | |
| War Mill | 1 | |
| Beastiary | 2 | |
| Watch Tower | 1 | |
| Fortress | 1 | |
| Spirit Lodge | 1 | |
17 total
» build order
00:08 Barracks
00:22 Altar of Storms
00:54 Orc Burrow
01:19 Voodoo Lounge
01:24 Voodoo Lounge
02:19 Orc Burrow
02:53 Stronghold
03:35 War Mill
05:24 Beastiary
05:42 Watch Tower
06:54 Orc Burrow
07:31 Beastiary
08:41 Orc Burrow
11:29 Orc Burrow
15:07 Fortress
18:44 Spirit Lodge
29:28 Orc Burrow
» items
| Healing Salve | 4 | |
| Dust of Appearance | 1 | |
| Scroll of Healing | 1 | |
| Potion of Lesser Invulnerability | 1 | |
| Orb of Lightning | 1 | |
| Tiny Great Hall | 1 | |
9 total
Chat log
(05:00 / All) 7.16: Nice
(05:10 / All) jodaji: shut up ---
(05:12 / All) 7.16: lol
(05:40 / All) 7.16: aw u got out